 Dungeon Crawl Stone Soup version 0.23.2-30-g0e89c35649 (webtiles) character file.

Game seed: 13230354401788197924

200 senseless the Slasher (level 5, -3/46 HPs)
             Began as a Draconian Monk on June 7, 2019.
             Was a Priest of Trog.
             Killed from afar by an orc wizard (7 damage)
             ... with a magic dart
             ... on level 3 of the Dungeon.
             The game lasted 00:07:45 (2059 turns).

senseless the Slasher (Draconian Monk)              Turns: 2059, Time: 00:07:45

Health: -3/46      AC:  8    Str: 13    XL:     5   Next: 49%
Magic:  0/5        EV: 14    Int: 10    God:    Trog [***...]
Gold:   40         SH:  0    Dex: 15    Spells: 4/4 levels left

rFire    . . .     SeeInvis .   a - +0 falchion
rCold    . . .     Gourm    .   (no shield)
rNeg     . . .     Faith    .   (armour unavailable)
rPois    .         Spirit   +   (helmet restricted)
rElec    .         Reflect  .   (no cloak)
rCorr    .         Harm     .   (no gloves)
MR       .....                  i - +2 pair of boots
Stlth    ++........             d - amulet of guardian spirit
HPRegen  0.15/turn              (no ring)
MPRegen  0.09/turn              (no ring)

@: no status effects
A: unfitting armour, cold-blooded, AC +5
a: Berserk, Trog's Hand, Renounce Religion


You were on level 3 of the Dungeon.
You worshipped Trog.
Trog was most pleased with you.
You were very hungry.

You visited 1 branch of the dungeon, and saw 3 of its levels.

You collected 40 gold pieces.

Inventory:

Hand Weapons
 a - a +0 falchion (weapon)
Armour
 i - a +2 pair of boots (worn)
Jewellery
 d - an amulet of guardian spirit (around neck)
Scrolls
 e - a scroll of remove curse
 f - 2 scrolls of identify
Potions
 h - a potion of resistance {unknown}
 j - a potion of berserk rage {unknown}
 k - 2 potions of heal wounds
 l - a potion of curing {unknown}
 n - a potion of lignification {unknown}
 o - 2 potions of might {unknown}
Comestibles
 b - 3 rations


   Skills:
 + Level 4.2 Fighting
 + Level 4.5 Long Blades
 * Level 4.0 Dodging
 - Level 1.9 Stealth


You had 4 spell levels left.
You didn't know any spells.
Your spell library was empty.

Dungeon Overview and Level Annotations

Branches:
Dungeon (3/15)

Altars:
Trog


Innate Abilities, Weirdness & Mutations

Your plain brown scales are hard. (AC +5)
You cannot fit into any form of body armour.
You are cold-blooded and may be slowed by cold attacks.


Message History

You recover from your berserk rage.
All of the chunks of flesh in your inventory have rotted away.
You start resting.
The orc wizard is too close now for your liking.
You start resting.
The orc wizard is too close now for your liking.
You closely miss the orc wizard. The orc wizard closely misses you.
You riposte.
You completely miss the orc wizard.
Your tail-slap misses the orc wizard.
The orc wizard points at you and mumbles some strange words.
The magic dart hits you!
* * * LOW HITPOINT WARNING * * *
You barely miss the orc wizard.
The orc wizard is no longer moving quickly.
The orc wizard hits you with a +0 dagger.
You hit the orc wizard.
Your tail-slap misses the orc wizard.
The orc wizard is lightly wounded.
The orc wizard casts a spell at you. The magic dart hits you!
You die...

#....##.# #.# ###..#
.# #.# # # ##.## ###
#..# .# #.#
#.###>..####.. ## ##.
#............######.#
##


You could see an orc wizard.

Vanquished Creatures
  An orc priest (D:3)
  An iguana (D:2)
  An orc wizard (D:3)
  5 adders (D:2)
  2 worms
  A dart slug (D:1)
  2 leopard geckos (D:1)
  6 orcs (D:3)
  5 bats
  4 giant cockroaches
  4 goblins
  7 hobgoblins
  7 jackals (D:3)
  8 kobolds
  2 quokkas
  A ball python (D:2)
  5 frilled lizards
  10 rats
72 creatures vanquished.

Notes
Turn   | Place    | Note
-------+----------+-------------------------------------------
     0 | D:1      | senseless the Draconian Monk began the quest for the Orb.
     0 | D:1      | Reached XP level 1. HP: 19/19 MP: 1/1
   220 | D:1      | Reached XP level 2. HP: 26/26 MP: 2/2
   540 | D:1      | Reached XP level 3. HP: 33/33 MP: 3/3
   830 | D:2      | Reached XP level 4. HP: 35/40 MP: 4/4
  1773 | D:3      | Reached XP level 5. HP: 46/46 MP: 5/5
  1866 | D:3      | Found a faded altar of an unknown god.
  1877 | D:3      | Became a worshipper of Trog the Wrathful
  1877 | D:3      | Reached * piety under Trog
  1877 | D:3      | Reached ** piety under Trog
  1999 | D:3      | Reached *** piety under Trog
  2059 | D:3      | Killed from afar by an orc wizard

Skill      XL: |  1  2  3  4  5 |
---------------+----------------+-----
Dodging        | 3 4 |  4.0
Fighting       | 4 |  4.2
Long Blades    | 4 |  4.5
Stealth        | |  1.9

Action                   |  1- 3 |  4- 6 || total
-------------------------+-------+-------++-------
Melee: Falchion          |    92 |   140 ||   232
       Tailslap          |    12 |    27 ||    39
Invok: Berserk           |       |     1 ||     1
  Use: Scroll            |       |     7 ||     7
 Stab: Sleeping          |     4 |       ||     4
       Distracted        |       |     1 ||     1
  Eat: Chunk             |       |     4 ||     4
Armor: Skin              |    26 |    39 ||    65
Dodge: Dodged            |    66 |   122 ||   188
       Rpst.: Falchion   |    20 |    34 ||    54
